 Dungeon Crawl Stone Soup version 0.28-a0-46-g7b1be97da7 (webtiles) character file.

Game seed: 13429136044615614338

126 wakim the Gusty (level 4, -1/33 HPs)
             Began as a Draconian Air Elementalist on July 30, 2021.
             Killed from afar by an orc wizard (7 damage)
             ... with a puff of flame
             ... on level 3 of the Dungeon.
             The game lasted 00:12:24 (4011 turns).

wakim the Gusty (Draconian Air Elementalist)        Turns: 4011, Time: 00:12:24

Health: -1/33      AC:  6    Str: 10    XL:     4   Next: 83%
Magic:  6/8        EV: 12    Int: 16    God:
Gold:   152        SH:  0    Dex: 12    Spells: 6/9 levels left

rFire   + . .      SeeInvis .   a - +1 short sword
rCold   . . .      Faith    .   (no shield)
rNeg    . . .      Spirit   .   (armour unavailable)
rPois   .          Reflect  .   (helmet restricted)
rElec   .          Harm     .   (no cloak)
rCorr   .          Rampage  .   d - +0 pair of gloves
Will    .....                   (no boots)
Stlth   +.........              (no amulet)
HPRegen 0.11/turn               b - ring of protection from fire
MPRegen 0.11/turn               (no ring)

@: confused
A: AC +5, unfitting armour, cold-blooded
a: no special abilities


You were on level 3 of the Dungeon.
You visited 1 branch of the dungeon, and saw 5 of its levels.

You collected 152 gold pieces.

Inventory:

Hand Weapons
 a - a +1 short sword (weapon)
 c - a +0 spear
Armour
 d - a +0 pair of gloves (worn)
 e - a +1 kite shield
Magical Staves
 f - a staff of earth
Jewellery
 b - a ring of protection from fire (left hand)
Scrolls
 r - a scroll of identify
 Y - a scroll of blinking {!r}
Potions
 N - 2 potions of might
 O - a potion of resistance


   Skills:
 - Level 1.7 Dodging
 - Level 1.7 Stealth
 - Level 3.0 Spellcasting
 - Level 1.0 Conjurations
 * Level 5.0 Air Magic


You had 6 spell levels left.
You knew the following spells:

 Your Spells              Type           Power      Damage    Failure   Level
a - Shock                 Conj/Air       48%        1d6       5%          1
d - Static Discharge      Conj/Air       12%        N/A       9%          2

Your spell library contained the following spells:

 Spells                   Type           Power      Damage    Failure   Level
 Swiftness                Air            18%        N/A       7%          3
 Sandblast                Erth           4%         2d4       19%         1
 Airstrike                Air            9%         N/A       24%         4
 Passwall                 Tmut/Erth      1%         N/A       28%         2
 Lee's Rapid Deconstruct  Erth           1%         3d5*      99%         5


Dungeon Overview and Level Annotations

Branches:
Dungeon (5/15)
 Temple: D:4-7

Altars:

Annotations:
D:4 Dowan, Eustachio


Innate Abilities, Weirdness & Mutations

Your plain brown scales are hard. (AC +5)
You cannot fit into any form of body armour.
You are cold-blooded and may be slowed by cold attacks.


Message History

Unknown command.
Okay, then.
You hear some strange, mumbled words.
A puff of flame appears from out of thin air!
The puff of flame hits you. You resist.
* * * LOW HITPOINT WARNING * * *
You're too confused to move!
You closely miss something.
Your magical contamination has completely faded away.
You hit something.
You hear some strange, mumbled words.
A magic dart appears from out of thin air!
The magic dart hits you.
* * * LOW HITPOINT WARNING * * *
The orc hits you but does no damage.
You feel less confused.
You are confused.
The orc shouts!
An orc wizard appears from thin air!
Reactivating autopickup.
You bump into the rock wall.
The orc wizard casts a spell at you.
You are more confused.
You're too confused to move!
The orc wizard gestures at you while chanting.
You resist with some effort.
You bump into the rock wall.
You feel less confused. The orc wizard casts a spell at you.
You are confused.
The orc wizard casts a spell at you. You resist with some effort.
The orc wizard points at you and mumbles some strange words.
You are more confused.
The orc hits you but does no damage.
You bump into the rock wall.
The orc hits you but does no damage.
You bump into the rock wall.
The orc wizard gestures at you while chanting.
The puff of flame hits you! You resist.
You die...

###.# #.# #................
#.####.# #...########†###.
#.#....########....# #.# ##
#.#................# #.#
#..................# ##.####
###............o..o## #......
#............###..#####......
#............####.##.........
#.....####..@......#.........
#.....# #...................
#.....# #...............####
###...# ####.......####.#
#...# #...###..###.#### #...#
#...# ##......... #...# #...#
##..##.#### ##### #...#
#.†........ *******#...#
#.#..#.....


You could see an orc wizard.

Vanquished Creatures
  An iguana (D:4)
  4 adders
  2 worms
  A dart slug (D:3)
  An orc (D:3)
  6 endoplasms
  4 giant cockroaches
  3 goblins
  4 hobgoblins
  2 quokkas
  6 ball pythons
  6 bats
  4 frilled lizards
  3 kobolds
  4 rats
51 creatures vanquished.

Vanquished Creatures (others)
  A fungus (D:1)
  A plant (D:1)
2 creatures vanquished.

Grand Total: 53 creatures vanquished

Notes
Turn   | Place    | Note
-------+----------+-------------------------------------------
     0 | D:1      | wakim the Draconian Air Elementalist began the quest for
                  | the Orb.
     0 | D:1      | Reached XP level 1. HP: 14/14 MP: 3/3
   470 | D:1      | Reached XP level 2. HP: 19/20 MP: 0/5
   526 | D:1      | Found a faded altar of an unknown god.
   951 | D:1      | Learned a level 2 spell: Static Discharge
  2081 | D:2      | Reached XP level 3. HP: 24/26 MP: 2/6
  2190 | D:2      | Reached skill level 4 in Air Magic
  3231 | D:3      | Reached XP level 4. HP: 30/33 MP: 6/8
  3260 | D:3      | You fall into a shaft and drop 2 floors!
  3260 | D:5      | Entered Level 5 of the Dungeon
  3437 | D:4      | Noticed Eustachio
  3492 | D:4      | Noticed Dowan
  3847 | D:3      | Reached skill level 5 in Air Magic
  3965 | D:3      | HP: 1/33 [something/magic dart (3)]
  4011 | D:3      | Killed from afar by an orc wizard

Illustrated notes

Levels and vault maps discovered:
D:1:      lightli_arrival_windingriver, layout_loops_ring,
          dreamdust_ecumenical_altar_grove
D:2:      layout_loops_corners, kennysheep_generic_room_11
D:3:      layout_basic
D:4:      kennysheep_the_goblin_king, layout_basic, uniq_natasha,
          uniq_eustachio, uniq_duvessa
D:5:      layout_layer_cave, enter_ossuary_4, grunt_decor_arrowhead

Skill      XL: |  1  2  3  4 |
---------------+-------------+-----
Air Magic      | 4 5 |  5.0
Spellcasting   | 3 |  3.0
Dodging        | |  1.7
Stealth        | |  1.7
Conjurations   | |  1.0

Action                   |  1- 3 |  4- 6 || total
-------------------------+-------+-------++-------
Melee: Unarmed           |     5 |       ||     5
       Short sword       |    15 |     5 ||    20
       Tailslap          |     2 |       ||     2
 Cast: Shock             |    76 |    15 ||    91
       Static Discharge  |     3 |     8 ||    11
  Use: Scroll            |     6 |     2 ||     8
Armor: Skin              |    19 |     9 ||    28
Dodge: Dodged            |    42 |     5 ||    47

Table legend: (Time is in decaauts)
 A = Elapsed time spent in this place.
 B = Non-inter-level travel time spent in this place.
 C = Inter-level travel time spent in this place.
 D = Time resting spent in this place.
 E = Time spent auto-exploring this place.
 F = Levels seen in this place.
 G = Mean time per level.
                   A        B        C        D        E       F      G
               +--------+--------+--------+--------+--------+-----+--------+
         Total |   4016 |   3893 |    123 |    360 |   2888 |   5 |  803.2 |
       Dungeon |   4016 |   3893 |    123 |    360 |   2888 |   5 |  803.2 |
               +--------+--------+--------+--------+--------+-----+--------+

Top non-repeatable levels by time:
     D:1: 1418 daAuts
     D:2: 1312 daAuts
     D:3: 1039 daAuts
     D:4: 213 daAuts
     D:5: 32 daAuts
